 Dungeon Crawl Stone Soup version 0.31-a0-542-gdc2a67831c (webtiles) character file.

Game seed: 3675539113618297153

117 Iich the Trooper (level 5, -1/47 HPs)
             Began as a Hill Orc Fighter on Aug 15, 2023.
             Was an Initiate of Ru.
             Slain by Menkaure (19 damage)
             ... on level 4 of the Dungeon.
             The game lasted 00:04:45 (2391 turns).

Iich the Trooper (Hill Orc Fighter)                 Turns: 2391, Time: 00:04:47

Health: -1/47      AC:  8    Str: 19    XL:     5   Next: 1%
Magic:  5/5        EV: 10    Int:  8    God:    Ru [......]
Gold:   166        SH:  5    Dex: 18    Spells: 4/4 levels left

rFire   . . .        a - +0 war axe
rCold   . . .        c - +0 buckler
rNeg    . . .        b - +0 scale mail
rPois   .            (no helmet)
rElec   .            j - +0 cloak
rCorr   .            (no gloves)
SInv    .            (no boots)
Will    +....        w - amulet of the acrobat Stlth
                     e - +6 ring of dexterity
HPRegen 0.27/turn    r - ring of willpower
MPRegen 0.09/turn

%: acrobat
@: no status effects
A: no striking features
a: Renounce Religion


You were on level 4 of the Dungeon.
You worshipped Ru.
Ru was noncommittal.
You visited 1 branch of the dungeon, and saw 4 of its levels.

You collected 166 gold pieces.

Inventory:

Hand Weapons
 a - a +0 war axe (weapon)
Armour
 b - a +0 scale mail (worn)
 c - a +0 buckler (worn)
 j - a +0 cloak (worn)
Jewellery
 e - a +6 ring of dexterity (left hand)
 r - a ring of willpower (right hand)
 u - a ring of flight
 w - an amulet of the acrobat (around neck)
 I - a ring of protection from cold
Wands
 k - a wand of roots (5)
 n - a wand of paralysis (6)
 s - a wand of acid (6)
Scrolls
 f - a scroll of poison {unknown}
 g - a scroll of enchant weapon {unknown}
 i - a scroll of butterflies {unknown}
 l - a scroll of identify {unknown}
 m - a scroll of enchant armour {unknown}
 o - a scroll of blinking {unknown}
 p - a scroll of revelation
 t - 2 scrolls of teleportation
Potions
 d - 2 potions of might
 h - a potion of mutation {unknown}
 q - a potion of curing
 v - a potion of cancellation {unknown}


   Skills:
 + Level 4.9 Fighting
 + Level 4.3 Axes
 - Level 3.2 Armour
 + Level 1.8 Dodging
 - Level 3.2 Shields


You had 4 spell levels left.
You didn't know any spells.
Your spell library was empty.

Dungeon Overview and Level Annotations

Branches:
Dungeon (4/15)
 Temple: D:4-7

Altars:
Ashenzari
Fedhas
Ru

Annotations:
D:4 Menkaure


Message History

An endoplasm is nearby!
You block the endoplasm's attack.
You slash the endoplasm!
You kill the endoplasm!
No target in view!
Found a hand axe.
Menkaure, Prince of Dust comes into view.
Menkaure shouts!
Found a robe.
Menkaure mumbles some strange words.
Menkaure seems to speed up.
Menkaure shouts, "Why can't you leave me to my rest?"
You block Menkaure's attack.
You hit Menkaure.
Menkaure is moderately damaged.
You block Menkaure's attack.
An ufetubus comes into view.
Menkaure's bandages flutter.
Menkaure hits you.
You take 1 damage, and have 46/47 hp.
The ufetubus shouts!
You slash Menkaure!
Menkaure is severely damaged.
Menkaure casts a spell at you. You resist with some effort. Menkaure hits you!
You take 17 damage, and have 29/47 hp. !!!!--MASSIVE DAMAGE--!!!!
You slash Menkaure!
Menkaure is almost destroyed.
Menkaure points at you and mumbles some strange words.
Pain shoots through your body!
* * * LOW HITPOINT WARNING * * *
You take 12 damage, and have 17/47 hp. !!!!--MASSIVE DAMAGE--!!!!
You closely miss Menkaure.
Menkaure is almost destroyed.
You closely miss the ufetubus. The ufetubus closely misses you.
You block the ufetubus's attack. Menkaure closely misses you.
The ufetubus closely misses you. You block the ufetubus's attack.
Menkaure whispers a few words.
Menkaure hits you!!
You die...

#....# #....#
#.##.# #.##.# #####
#.##.#### ##...##
#.##....#
##.....###.##.###.#
#.............#
#..5@......##.#
#..M....######..
#[...)....## #.#
######...## ...
....## ### ######


You could see Menkaure (fast) and an ufetubus.

Vanquished Creatures
  Jessica (D:2)
  3 adders
  A worm (D:2)
  2 dart slugs (D:1)
  An orc (D:3)
  7 ball pythons
  5 bats
  5 endoplasms
  5 giant cockroaches
  6 goblins
  4 hobgoblins
  A kobold (D:1)
  4 quokkas
  2 frilled lizards
  5 rats
52 creatures vanquished.

Notes
Turn   | Place    | Note
-------+----------+-------------------------------------------
     0 | D:1      | Iich the Hill Orc Fighter began the quest for the Orb.
     0 | D:1      | Reached XP level 1. HP: 19/19 MP: 1/1
    97 | D:1      | Reached XP level 2. HP: 18/27 MP: 2/2
   343 | D:1      | Reached skill level 1 in Dodging
   365 | D:1      | Reached XP level 3. HP: 33/33 MP: 3/3
   898 | D:2      | Found a sacrificial altar of Ru.
   911 | D:2      | Reached XP level 4. HP: 41/41 MP: 4/4
   913 | D:2      | Became a worshipper of Ru the Awakened
   928 | D:2      | Noticed Jessica
   933 | D:2      | Killed Jessica
  2137 | D:3      | Reached XP level 5. HP: 46/47 MP: 5/5
  2146 | D:3      | Found a broken altar of Ashenzari.
  2193 | D:3      | Found a blossoming altar of Fedhas.
  2383 | D:4      | Noticed Menkaure
  2391 | D:4      | Slain by Menkaure

Illustrated notes

Levels and vault maps discovered:
D:1:      dpeg_arrival_three_bigger_balls, layout_rooms, minmay_unequal
D:2:      layout_basic, basic_altar, uniq_jessica
D:3:      layout_basic, marbit_many_paths, lemuel_doored_altar
D:4:      layout_loops_ring, minmay_temple_entry_trees, serial_aquarium,
          aquarium_bridge_square [aquarium_subvault_balcony,
          aquarium_subvault_window, aquarium_subvault_bridge,
          aquarium_subvault_wall], aquarium_window_1, aquarium_window_3,
          aquarium_view_2a, uniq_pikel, uniq_menkaure

Skill      XL: |  1  2  3  4 |
---------------+-------------+-----
Axes           | 3 4 |  4.3
Fighting       | 4 |  4.9
Dodging        | 1 |  1.8
Armour         | |  3.2
Shields        | |  3.2

Action                     |  1- 3 |  4- 6 || total
---------------------------+-------+-------++-------
  Melee: War axe           |    70 |    45 ||   115
 Invoke: Reject Sacrifices |       |     1 ||     1
    Use: Potion            |     1 |       ||     1
         Scroll            |       |     2 ||     2
 Armour: Scale mail        |    27 |    15 ||    42
  Dodge: Dodged            |    29 |    24 ||    53
  Block: Buckler           |    21 |    10 ||    31

Table legend: (Time is in decaauts)
 A = Elapsed time spent in this place.
 B = Non-inter-level travel time spent in this place.
 C = Inter-level travel time spent in this place.
 D = Time resting spent in this place.
 E = Time spent auto-exploring this place.
 F = Levels seen in this place.
 G = Mean time per level.
                   A        B        C        D        E       F      G
               +--------+--------+--------+--------+--------+-----+--------+
         Total |   2427 |   2313 |    114 |      0 |   1973 |   4 |  606.8 |
       Dungeon |   2427 |   2313 |    114 |      0 |   1973 |   4 |  606.8 |
               +--------+--------+--------+--------+--------+-----+--------+

Top non-repeatable levels by time:
     D:3: 1021 daAuts
     D:2: 849 daAuts
     D:1: 523 daAuts
     D:4: 33 daAuts
